 Dungeon Sprint DCSS version 0.31-a0-325-g067879e3d3 (webtiles) character file.

Game seed: 14395740075329335971

2 shakesphere1979 the Gusty (level 1, -1/15 HPs)
             Began as a Naga Air Elementalist on July 19, 2023.
             Slain by a human (5 damage)
             ... in the Dungeon (Sprint III: "The Ten Rune Challenge").
             The game lasted 00:01:21 (143 turns).

shakesphere1979 the Gusty (Naga Air Elementalist)    Turns: 143, Time: 00:01:23

Health: -1/15      AC:  1    Str: 10    XL:     1   Next: 40%
Magic:  0/3        EV: 10    Int: 15    God:
Gold:   7          SH:  0    Dex: 11    Spells: 3/4 levels left

rFire   . . .        (no weapon)
rCold   . . .        (no shield)
rNeg    . . .        a - +0 robe
rPois   +            (no helmet)
rElec   .            (no cloak)
rCorr   .            (no gloves)
SInv    +            (no barding)
Will    .....        (no amulet)
Stlth   ++           (no ring)
HPRegen 0.22/turn    (no ring)
MPRegen 0.08/turn

%: no teleportation
@: short of breath, very slow
A: AC +0, large, see invisible, deformed body, poison resistance, slowness 2,
spit poison 1, naga tail 1
a: Spit Poison


You were in the Dungeon.
You visited 1 branch You collected 7 gold pieces.

Inventory:

Armour
 a - a +0 robe (worn)
Scrolls
 g - a scroll of blinking
Potions
 b - 3 potions of magic
 c - a potion of curing
 d - a potion of heal wounds
 e - a potion of haste
 f - a potion of berserk rage


   Skills:
 + Level 1.9 Dodging
 + Level 3.1 Stealth
 + Level 2.1 Spellcasting
 + Level 1.0 Conjurations
 + Level 3.7 Air Magic


You had 3 spell levels left.
You knew the following spells:

 Your Spells              Type           Power      Damage    Failure   Level
a - Shock                 Conj/Air       32%        1d5       9%          1

Your spell library contained the following spells:

 Spells                   Type           Power      Damage    Failure   Level
 Static Discharge         Conj/Air       16%        2-3/arc   12%         2
 Swiftness                Air            12%        N/A       14%         3
 Airstrike                Air            6%         2d(1-17)  43%         4
 Summon Lightning Spire   Summ/Air       7%         N/A       71%         4


Dungeon Overview and Level Annotations

Branches:
Dungeon (1/1)

Altars:


Innate Abilities, Weirdness & Mutations

Your serpentine skin is tough. (AC +0)
You have supernaturally acute eyesight. (SInv)
Armour fits poorly on your strangely shaped body.
Your system is resistant to poisons. (rPois)
You cover ground very slowly.
You can spit poison.
You have a snake-like lower body.


Message History

Aiming: Shock (safe; 9% risk of failure)
Press: ? - help, Shift-Dir - straight line The zap misses the human.
The zap hits the human.
The human is lightly wounded.
The human barely misses you.
Casting: Shock (safe; 9% risk of failure)
Confirm with . or Enter, or press ? or * to list all spells.
Aiming: Shock (safe; 9% risk of failure)
Press: ? - help, Shift-Dir - straight line The zap hits the human.
The human is moderately wounded.
The zap hits the human.
The human is heavily wounded.
The human hits you but does no damage.
Aiming: Spit Poison (3% risk of failure)
Press: ? - help, Shift-Dir - straight line, f - human
Aim: a human (heavily wounded, 38% to hit)
The splash of poison hits the human.
The human is poisoned.
The human is heavily wounded.
The human hits you.
You barely miss the human.
The human is heavily wounded.
The human hits you!
* * * LOW HITPOINT WARNING * * *
You hit the human.
The human is severely wounded.
The human barely misses you. The human attacks as you move away!
The human closely misses you. The human hits you but does no damage.
The human looks more healthy.
The human barely misses you. The human attacks as you move away!
The human barely misses you.
You have got your breath back.
Aiming: Spit Poison (3% risk of failure)
Press: ? - help, Shift-Dir - straight line, f/p - human
Aim: a human (severely wounded, 38% to hit)
The splash of poison hits the human but does no damage.
The human is poisoned.
The human is severely wounded.
The human hits you.
You die...

▓▓▓▓ ▓<.# ▓..#
▓#'#### ▓.....#
▓....†#...~~..♣..
▓.....#..~~~~....
▓####'#..~≈≈~~~♣.
▓..p@.#.~~≈~~~...
▓.....#.~≈~~~....
▓.....#.~~~......
▓'#####..........
▓................
▓▓▓▓▓▓▓▓▓▓▓▓▓▓▓▓▓


You could see a human (poisoned).

Vanquished Creatures
  4 rats (D)
4 creatures vanquished.

Notes
Turn   | Place    | Note
-------+----------+-------------------------------------------
     0 | D        | shakesphere1979 the Naga Air Elementalist began the quest
                  | for the Orb.
     0 | D        | Reached XP level 1. HP: 15/15 MP: 3/3
   143 | D        | Slain by a human

Illustrated notes

Levels and vault maps discovered:
D:        dungeon_sprint_mu [sprint_mu_entry_forest, sprint_mu_temple_rooms,
          sprint_mu_d1_horrors, sprint_mu_d2_genie, sprint_mu_d3_branching,
          sprint_mu_orc_legion, sprint_mu_elf_gauntlet, sprint_mu_hive_nellie,
          sprint_mu_lair_fedhas, sprint_mu_vaults_butterflies,
          sprint_mu_slime_circle, sprint_mu_shoals_kraken,
          sprint_mu_snake_twists, sprint_mu_blade_basic, sprint_mu_crypt_lich,
          sprint_mu_tomb_spiral, sprint_mu_vestibule_basic,
          sprint_mu_gehenna_hellfire, sprint_mu_dis_giant,
          sprint_mu_tartarus_statrot, sprint_mu_cocytus_islands, sprint_mu_zot1]

Action                     || total
---------------------------++-------
  Melee: Unarmed           ||     6
   Cast: Shock             ||     8
Ability: Spit Poison       ||     5
 Armour: Robe              ||     4
  Dodge: Dodged            ||     7

Table legend: (Time is in decaauts)
 A = Elapsed time spent in this place.
 B = Non-inter-level travel time spent in this place.
 C = Inter-level travel time spent in this place.
 D = Time resting spent in this place.
 E = Time spent auto-exploring this place.
 F = Levels seen in this place.
 G = Mean time per level.
                   A        B        C        D        E       F      G
               +--------+--------+--------+--------+--------+-----+--------+
         Total |    170 |    170 |      0 |      0 |     23 |   1 |  170.0 |
       Dungeon |    170 |    170 |      0 |      0 |     23 |   1 |  170.0 |
               +--------+--------+--------+--------+--------+-----+--------+

Top non-repeatable levels by time:
       D: 170 daAuts
